 Dungeon Crawl Stone Soup version 0.21.1-1-g345015f (webtiles) character file.

5271 infcreate the Cleaver (level 10, 0/88 HPs)
             Began as a Minotaur Fighter on Apr 26, 2018.
             Was an Elder of Okawaru.
             Slain by a troll (8 damage)
             ... on level 10 of the Dungeon.
             The game lasted 01:11:58 (7999 turns).

infcreate the Cleaver (Minotaur Fighter)            Turns: 7999, Time: 01:12:00

Health: 0/88       AC: 15    Str: 24    XL:     10   Next: 36%
Magic:  7/9        EV:  7    Int:  5    God:    Okawaru [****..]
Gold:   639        SH: 20    Dex: 10    Spells: 9/9 levels left

rFire    . . .     SeeInvis .   q - +0 broad axe
rCold    . . .     Gourm    .   t - +0 large shield
rNeg     . . .     Faith    .   C - +0 plate armour
rPois    +         Spirit   .   (helmet restricted)
rElec    .         Reflect  .   (no cloak)
rCorr    .         Harm     .   (no gloves)
MR       .....                  (no boots)
Stlth    ..........             (no amulet)
HPRegen  0.24/turn              w - ring of poison resistance
MPRegen  0.11/turn              (no ring)

@: heroism
A: retaliatory headbutt, horns 2
a: Heroism, Renounce Religion


You were on level 10 of the Dungeon.
You worshipped Okawaru.
Okawaru was greatly pleased with you.
You were hungry.

You visited 2 branches of the dungeon, and saw 11 of its levels.

You collected 639 gold pieces.

Inventory:

Hand Weapons
 q - a +0 broad axe (weapon)
Armour
 t - a +0 large shield (worn)
 C - a +0 plate armour (worn)
Jewellery
 w - a ring of poison resistance (left hand)
Scrolls
 c - a scroll of random uselessness {unknown}
 e - a scroll of noise
 g - 2 scrolls of fog
 h - 7 scrolls of identify
 j - 2 scrolls of magic mapping
 k - 3 scrolls of remove curse
 m - 2 scrolls of amnesia {unknown}
 o - 6 scrolls of teleportation
 s - 3 scrolls of fear {unknown}
 v - 2 scrolls of enchant weapon {unknown}
 x - 2 scrolls of enchant armour
 y - a scroll of acquirement {unknown}
 z - a scroll of torment {unknown}
 E - a scroll of vulnerability {unknown}
Potions
 a - 2 potions of invisibility {unknown}
 b - a potion of experience {unknown}
 d - 3 potions of might
 i - a potion of brilliance
 l - 2 potions of agility {unknown}
 n - 3 potions of flight {unknown}
 p - 2 potions of degeneration {unknown}
 r - a potion of curing
 u - a potion of cancellation {unknown}
 A - 3 potions of haste {unknown}
 D - a potion of ambrosia {unknown}
Books
 B - a book of Misfortune

   Spells                             Type                      Level
   a - Confusing Touch                Hexes                        1
   b - Confuse                        Hexes                        3
   c - Gell's Gravitas                Translocation                3
   d - Petrify                        Transmutation/Earth          4
   e - Metabolic Englaciation         Hexes/Ice                    5
   f - Yara's Violent Unravelling     Hexes/Transmutation          5
Comestibles
 f - 13 rations


   Skills:
 + Level 8.2(13.2) Fighting
 + Level 12.1(17.1) Axes
 + Level 7.8(12.8) Armour
 + Level 10.2(15.2) Shields


You had 9 spell levels left.
You didn't know any spells.

Dungeon Overview and Level Annotations

Branches:
Dungeon (10/15)            Temple (1/1) D:6
   Lair: D:8-11         Orc: D:9-12

Altars:
Ashenzari
Cheibriados
Dithmenos
Elyvilon
Fedhas
Gozag
Hepliaklqana
Kikubaaqudgha
Makhleb
Nemelex Xobeh
Okawaru
Qazlal
Ru
Sif Muna
Trog
Uskayaw
Vehumet
Wu Jian
Xom
Yredelemnul
Zin
The Shining One

Shops:
D:4 !


Innate Abilities, Weirdness & Mutations

You reflexively headbutt those who attack you in melee.
You have a pair of horns on your head.


Message History

The troll is heavily wounded.
You block the troll's attack. The troll claws you.
* * * LOW HITPOINT WARNING * * *
You block the troll's attack.
An iguana comes into view.
You closely miss the troll.
The troll is heavily wounded.
The iguana hisses angrily.
You block the troll's attack. The troll completely misses you.
You block the troll's attack.
You closely miss the troll. You headbutt the troll!
The troll is severely wounded.
The troll barely misses you. x2; The troll claws you but does no damage.
You slash the troll!
The troll is almost dead.
The troll barely misses you. The troll claws you but does no damage.
You block the troll's attack.
You gain the combat prowess of a mighty hero.
The troll bites you!
You die...

#...≈≈≈≈≈≈ #......≈≈≈
#....≈≈≈≈≈ #.........
### #...≈≈≈≈≈≈ #..
#..h≈≈≈≈≈≈ ##.##
#....≈≈≈≈.
##...########h.....≈.≈
#........t@ThTW..≈≈..≈
#....#########l.≈.....
#.#.## #........ #.#.#
#..####.# # #.## #.##
# #.#..# ..#
#.#.########.##
##......./<.#
#.#.######.##


You could see 2 trolls, a wraith, a crocodile, 2 wolves and an iguana.

Vanquished Creatures
  2 two-headed ogres
  A manticore (D:10)
  Grinder (D:5)
  The ghost of Verendum the Twirler, an amateur GrGl (D:4)
  Eustachio (D:6)
  2 orc warriors (D:7)
  A sky beast (D:8)
  A black bear (D:9)
  2 phantoms (D:7)
  A centaur (D:8)
  4 ogres
  2 wolves (D:10)
  The ghost of azzavlup the Poker, an amateur DsAK of Lugonu (D:3)
  3 bullfrogs
  A big kobold (D:5)
  Blork the orc (D:5)
  A gnoll sergeant (D:9)
  3 scorpions
  2 howler monkeys (D:8)
  4 crimson imps
  4 hounds
  5 orc wizards
  2 jellies
  4 orc priests
  A bullfrog skeleton (D:7)
  4 iguanas
  9 worker ants
  A killer bee zombie (D:5)
  7 gnolls
  A howler monkey skeleton (D:4)
  12 adders
  3 shadow imps
  2 oozes
  2 adder skeletons
  3 worms
  4 dart slugs
  5 leopard geckos
  33 orcs
  7 giant cockroaches
  6 goblins
  9 hobgoblins
  2 quokkas (D:7)
  A ball python (D:1)
  12 bats
  5 frilled lizards
  17 kobolds
  8 rats
  A fungus (D:4)
  A plant (D:4)
206 creatures vanquished.

Notes
Turn   | Place    | Note
-------+----------+-------------------------------------------
     0 | D:1      | infcreate the Minotaur Fighter began the quest for the Orb.
     0 | D:1      | Reached XP level 1. HP: 19/19 MP: 0/0
   117 | D:1      | Reached XP level 2. HP: 11/27 MP: 1/1
   631 | D:1      | Reached XP level 3. HP: 33/33 MP: 2/2
   943 | D:2      | Reached skill level 3 in Axes
  1191 | D:2      | Reached XP level 4. HP: 41/41 MP: 3/3
  1497 | D:2      | Found a faded altar of an unknown god.
  2217 | D:3      | Noticed azzavlup's ghost (amateur DsAK)
  2228 | D:3      | Killed azzavlup's ghost
  2228 | D:3      | Reached skill level 4 in Axes
  2228 | D:3      | Reached XP level 5. HP: 43/47 MP: 4/4
  2618 | D:4      | Reached skill level 5 in Armour
  2674 | D:4      | Noticed Verendum's ghost (amateur GrGl)
  2785 | D:4      | Found Umnuny's Distillery.
  2812 | D:4      | Reached XP level 6. HP: 55/55 MP: 5/5
  2897 | D:4      | Reached skill level 5 in Axes
  2927 | D:4      | Reached skill level 5 in Fighting
  2927 | D:4      | Reached skill level 5 in Shields
  2935 | D:4      | Found a blossoming altar of Fedhas.
  3191 | D:4      | Killed Verendum's ghost
  3191 | D:4      | Reached skill level 6 in Axes
  3191 | D:4      | Reached XP level 7. HP: 12/61 MP: 6/6
  3612 | D:5      | Entered Level 5 of the Dungeon
  3954 | D:5      | Noticed Grinder
  3956 | D:5      | Noticed Blork the orc
  3962 | D:5      | Paralysed by Grinder for 6 turns
  3978 | D:5      | Killed Blork the orc
  3981 | D:5      | Reached skill level 7 in Axes
  3982 | D:5      | Killed Grinder
  3982 | D:5      | Reached XP level 8. HP: 36/70 MP: 7/7
  4740 | D:5      | Reached skill level 8 in Axes
  4966 | D:6      | Noticed Eustachio
  4998 | D:6      | Killed Eustachio
  5070 | D:6      | Found a staircase to the Ecumenical Temple.
  5111 | Temple   | Entered the Ecumenical Temple
  5196 | Temple   | Became a worshipper of Warmaster Okawaru
  5514 | D:7      | Reached skill level 9 in Axes
  5698 | D:7      | Found a blossoming altar of Fedhas.
  5701 | D:7      | Found a deep blue altar of Sif Muna.
  5888 | D:7      | Found a shimmering altar of Xom.
  5888 | D:7      | Found a hide-covered altar of Uskayaw.
  5888 | D:7      | Found an ornate altar of the Wu Jian Council.
  5888 | D:7      | Found a glowing golden altar of the Shining One.
  5889 | D:7      | Found a bloodstained altar of Trog.
  5892 | D:7      | Found an ancient bone altar of Kikubaaqudgha.
  5893 | D:7      | Found a shadowy altar of Dithmenos.
  6035 | D:7      | Reached * piety under Okawaru
  6035 | D:7      | Reached XP level 9. HP: 74/78 MP: 8/8
  6266 | D:8      | Reached skill level 10 in Axes
  6569 | D:8      | Noticed a two-headed ogre
  6574 | D:8      | Killed a two-headed ogre
  6574 | D:8      | Reached ** piety under Okawaru
  6574 | D:8      | Reached skill level 11 in Axes
  6602 | D:8      | Reached *** piety under Okawaru
  7232 | D:9      | Noticed a two-headed ogre
  7240 | D:9      | Killed a two-headed ogre
  7240 | D:9      | Reached **** piety under Okawaru
  7240 | D:9      | Reached XP level 10. HP: 58/88 MP: 9/9
  7938 | D:10     | Entered Level 10 of the Dungeon
  7966 | D:10     | Noticed a manticore
  7974 | D:10     | Reached skill level 12 in Axes
  7974 | D:10     | Reached skill level 10 in Shields
  7989 | D:10     | Killed a manticore
  7999 | D:10     | Slain by a troll

Skill      XL: |  1  2  3  4  5  6  7  8  9 10 |
---------------+-------------------------------+-----
Armour         | 4 5 6 7 |  7.8
Fighting       | 4 5 6 7 8 |  8.2
Shields        | 4 5 6 8 9 10 | 10.2
Axes           | 3 4 6 7 9 11 12 | 12.1

Action                   |  1- 3 |  4- 6 |  7- 9 | 10-12 || total
-------------------------+-------+-------+-------+-------++-------
Melee: War axe           |    88 |    53 |       |       ||   141
       Headbutt          |    12 |    19 |    44 |    20 ||    95
       Broad axe         |       |    92 |   311 |    83 ||   486
Invok: Heroism           |       |       |       |     1 ||     1
  Use: Scroll            |       |     3 |     3 |       ||     6
       Potion            |       |       |     1 |       ||     1
  Eat: Chunk             |     1 |     5 |     3 |       ||     9
       Ration            |       |     1 |     3 |       ||     4
Armor: Scale mail        |    46 |    67 |    30 |       ||   143
       Chain mail        |       |       |    65 |       ||    65
       Plate armour      |       |       |    36 |    43 ||    79
Dodge: Dodged            |    37 |    34 |    36 |    12 ||   119
Block: Shield            |    44 |    46 |       |       ||    90
       Large shield      |       |    50 |   294 |   104 ||   448
